 Dungeon Crawl Stone Soup version 0.31-a0-1008-g5b978dac0e (webtiles) character file.

Game seed: 362852807658010243

31180 stendehmen the Thaumaturge (level 13, -7/72 HPs)
             Began as a Deep Elf Conjurer on Nov 13, 2023.
             Was an Elder of Vehumet.
             Mangled by a +2 long sword of draining (12 damage)
             ... on level 1 of the Elven Halls.
             The game lasted 02:37:30 (18996 turns).

stendehmen the Thaumaturge (Deep Elf Conjurer)     Turns: 18996, Time: 02:37:31

Health: -7/72      AC: 14    Str:  8    XL:     13   Next: 24%
Magic:  26/31      EV: 12    Int: 29    God:    Vehumet [****..]
Gold:   110        SH:  0    Dex: 10    Spells: 1/37 levels left

rFire   + . .        e - staff of conjuration
rCold   + + +        (no shield)
rNeg    + . .        P - +0 troll leather armour
rPois   .            m - +1 helmet
rElec   .            C - +2 cloak "Nuelloscho" {Regen+}
rCorr   .            o - +2 pair of gloves
SInv    .            n - +1 pair of boots {Stlth+}
Will    +++..        F - amulet "Esic" {RegenMP rC+++ Str+4 Dex-3}
Stlth   ++++         v - ring of protection from fire
HPRegen 1.92/turn    H - ring "Jest" {Drain rC+ rN+ Will++ Stlth+}
MPRegen 0.62/turn

%: no passive effects
@: no status effects
A: no striking features
a: Renounce Religion


You were on level 1 of the Elven Halls.
You worshipped Vehumet.
Vehumet was greatly pleased with you.
You visited 5 branches of the dungeon, and saw 17 of its levels.
You also visited: Ossuary.

You collected 1479 gold pieces.
You spent 1369 gold pieces at shops.

Inventory:

Hand Weapons
 a - a +8 triple crossbow of chaos
 w - a +1 mace of protection
 K - a +2 rapier of distortion
 R - the +1 battleaxe of Hepliaklqana {holy, Drain rN+++ Int+2}
   (You bought it in a shop on level 11 of the Dungeon)

   Int+2:     It affects your intelligence (+2).
   rN+++:     It renders you almost immune to negative energy.
   Drain:     It drains your maximum health when unequipped.
Missiles
 z - a curare-tipped dart
Armour
 f - the +0 chain mail "Riwo Pue" {rF+ Int+3 Stlth-}
   (You found it on level 3 of the Dungeon)

   Int+3:     It affects your intelligence (+3).
   rF+:       It protects you from fire.
   Stlth-:    It makes you less stealthy.
 l - a +0 buckler
 m - a +1 helmet (worn)
 n - a +1 pair of boots of stealth (worn)
 o - a +2 pair of gloves (worn)
 r - an orb of guile
 t - an orb of mayhem
 C - the +2 cloak "Nuelloscho" (worn) {Regen+}
   (You found it on level 11 of the Dungeon)

   Regen+:    It increases your rate of health regeneration.
 E - a +2 cloak of willpower
 I - a +2 ring mail of poison resistance
 M - a +0 pair of boots
 P - a +0 troll leather armour (worn)
Magical Staves
 e - a staff of conjuration (weapon)
 u - a staff of poison
Jewellery
 i - an amulet of reflection
 v - a ring of protection from fire (left hand)
 F - the amulet "Esic" (around neck) {RegenMP rC+++ Str+4 Dex-3}
   (You acquired it on level 8 of the Dungeon)

   [amulet of magic regeneration]

   RegenMP:   It increases your rate of magic regeneration.
   Str+4:     It affects your strength (+4).
   Dex-3:     It affects your dexterity (-3).
   rC+++:     It renders you almost immune to cold.
 H - the ring "Jest" (right hand) {Drain rC+ rN+ Will++ Stlth+}
   (You bought it in a shop on level 2 of the Orcish Mines)

   [ring of positive energy]

   rC+:       It protects you from cold.
   rN+:       It protects you from negative energy.
   Will++:    It greatly increases your willpower.
   Drain:     It drains your maximum health when unequipped.
   Stlth+:    It makes you more stealthy.
 L - a ring of see invisible
Wands
 p - a wand of charming (10)
 x - a wand of digging (2)
 y - a wand of acid (5)
Scrolls
 c - 12 scrolls of teleportation
 h - 6 scrolls of vulnerability
 j - 3 scrolls of poison
 q - 3 scrolls of blinking
 s - 3 scrolls of immolation
 D - 3 scrolls of fog
 J - 5 scrolls of noise
 Q - a scroll of brand weapon
 S - a scroll of revelation
Potions
 b - a potion of magic
 d - 6 potions of heal wounds
 g - 5 potions of curing
 k - 2 potions of cancellation
 A - 2 potions of resistance
 B - 2 potions of attraction
 G - a potion of lignification


   Skills:
 * Level 5.2 Fighting
 - Level 11.1 Ranged Weapons
 * Level 5.4 Armour
 * Level 4.5 Dodging
 - Level 2.4 Stealth
 - Level 12.6 Spellcasting
 + Level 8.1 Conjurations
 - Level 8.1 Hexes
 + Level 11.2 Fire Magic
 + Level 9.5 Air Magic


You had one spell level left.
You knew the following spells:

 Your Spells              Type           Power      Damage    Failure   Level
a - Dazzling Flash        Conj/Hex       100%       N/A       1%          3
b - Passwall              Tmut/Erth      15%        N/A       6%          2
c - Frozen Ramparts       Ice            36%        1d6       3%          3
d - Iskenderun's Mystic   Conj/Tloc      58%        2d12      2%          4
e - Blink                 Tloc           36%        N/A       6%          2
f - Plasma Beam           Fire/Air       34%        2x1d47    2%          6
g - Airstrike             Air            32%        2d(5-21)  1%          4
s - Fulminant Prism       Conj/Hex       39%        3d17      1%          4
x - Searing Ray           Conj           100%       2d8       1%          2
z - Conjure Ball Lightni  Conj/Air       40%        3x3d13    4%          6

Your spell library contained the following spells:

 Spells                   Type           Power      Damage    Failure   Level
 Magic Dart               Conj           100%       1d8       1%          1
 Sandblast                Erth           36%        2d10      1%          1
 Sting                    Tmut/Pois      72%        1d6       4%          1
 Summon Small Mammal      Summ           72%        N/A       4%          1
 Poisonous Vapours        Pois/Air       90%        N/A       1%          2
 Stone Arrow              Conj/Erth      100%       3d13      1%          3
 Sticky Flame             Conj/Fire      84%        2d10      1%          4
 Summon Guardian Golem    Hex/Summ       41%        N/A       2%          3
 Brom's Barrelling Bould  Conj/Erth      58%        2d7       2%          4
 Olgreb's Toxic Radiance  Pois           18%        N/A       11%         4
 Animate Armour           Summ/Erth      36%        N/A       36%         4
 Manifold Assault         Tloc           18%        N/A       36%         4
 Monstrous Menagerie      Summ           9%         N/A       100%        7
 Lehudib's Crystal Spear  Conj/Erth      29%        10d8      100%        8
 Dragon's Call            Summ           9%         N/A       100%        9


Dungeon Overview and Level Annotations

Branches:
Dungeon (12/15)            Temple (1/1) D:5            Lair (1/5) D:9
    Orc (2/2) D:9             Elf (1/3) Orc:2       Ossuary (visited)

Altars:
Ashenzari
Cheibriados
Dithmenos
Elyvilon
Fedhas
Gozag
Hepliaklqana
Kikubaaqudgha
Makhleb
Nemelex Xobeh
Okawaru
Qazlal
Ru
Sif Muna
Trog
Uskayaw
Vehumet
Wu Jian
Xom
Yredelemnul
Zin
The Shining One

Shops:
D:1 ?   D:11 (   Orc:2 **=*(

Portals:
Abyss: D:3


Message History

Found a crooked smoking staff.
There is a staircase back to the Mines here.
There are monsters nearby!
Casting: Plasma Beam (dangerous; 2% risk of failure)
Confirm with . or Enter, or press ? or * to list all spells.
You feel a surge of power!
You create some ball lightning!
The deep elf zephyrmancer shouts! 3 ball lightnings come into view.
The deep elf zephyrmancer gestures at you while chanting.
The bolt of lightning hits you!
A deep elf pyromancer comes into view. It is wielding a +0 dagger.
Your ball lightning explodes!
The blast of lightning engulfs your ball lightning.
Your ball lightning completely resists.
The blast of lightning engulfs you!
The blast of lightning engulfs your ball lightning.
Your ball lightning completely resists.
The blast of lightning engulfs the +2 long sword of draining.
The +2 long sword of draining completely resists.
The blast of lightning engulfs the deep elf knight!!
The deep elf knight is moderately wounded.
The blast of lightning engulfs the +2 heavy flail.
The +2 heavy flail completely resists.
Your ball lightning explodes!
The blast of lightning engulfs the deep elf knight!!
The deep elf knight is almost dead.
The blast of lightning engulfs you!
The blast of lightning engulfs your ball lightning.
Your ball lightning completely resists.
The blast of lightning engulfs the deep elf zephyrmancer.
The deep elf zephyrmancer is lightly wounded.
The blast of lightning engulfs the +2 long sword of draining.
The +2 long sword of draining completely resists.
Your ball lightning explodes!
The blast of lightning engulfs you!!
* * * LOW HITPOINT WARNING * * *
The blast of lightning engulfs the +2 long sword of draining.
The +2 long sword of draining completely resists.
The +2 long sword of draining hits you!
You die...

#..e..8..
##........
#.e.......
#.e....e..
#..8....e8
#.........
#....8.|..
#.@.(...e.
#..(.8....
#.........
#..8.....8
#......e..
#.e.......
##........
#.....8..


You could see a deep elf knight, a deep elf pyromancer, 6 deep elf zephyrmancers
and 2 dancing weapons.

Vanquished Creatures
  2 orc warlords (Orc:2)
  The ghost of stendehmen the Metamorph, a journeyman OpSh of Yredelemnul (Orc:1)
  An ettin (Orc:1)
  A centaur warrior (D:10)
  4 two-headed ogres
  A boulder beetle (D:10)
  5 orc high priests
  4 skeletal warriors
  4 orc sorcerers (Orc:2)
  A cyclops (Orc:2)
  A gargoyle (D:11)
  3 cane toads (Lair:1)
  A kobold demonologist (D:11)
  Jeremiah (D:8)
  3 komodo dragons
  An ancient zyme (D:3)
  9 trolls
  2 hornets
  5 blink frogs
  3 slime creatures
  A vampire (D:10)
  A wraith (D:12)
  The ghost of kal9871 the Changeling, an amateur OgSh (D:3)
  14 yaks
  A steam dragon (D:9)
  A water moccasin (Lair:1)
  4 wargs
  3 acid dragons
  24 orc warriors
  A black bear (D:5)
  6 ogres
  5 centaurs
  5 wolves
  A phantom (D:7)
  A small abomination (D:3)
  6 kobold brigands
  4 bullfrogs
  A gnoll sergeant (D:8)
  3 scorpions
  6 killer bees (D:8)
  2 electric eels (D:9)
  2 howler monkeys
  A jelly (D:5)
  A quasit (D:3)
  An iron imp (D:3)
  8 hounds
  26 orc priests
  Crazy Yiuf (D:7)
  2 gnoll boudas (D:6)
  A sleepcap (D:6)
  Jessica (D:2)
  2 iguanas
  24 orc wizards
  13 mummies (Ossuary)
  26 gnolls
  8 adders
  2 white imps
  A worm (D:2)
  4 dart slugs
  42 orcs
  8 ball pythons
  6 endoplasms
  3 giant cockroaches
  11 goblins
  10 hobgoblins
  7 jackals
  6 quokkas
  6 bats
  4 frilled lizards
  2 gnoll skeletons (Ossuary)
  2 goblin skeletons (Ossuary)
  21 kobolds
  2 kobold skeletons (Ossuary)
  2 orc skeletons (Ossuary)
  7 rats
  11 rat skeletons (Ossuary)
  A fulminant prism (Orc:1)
419 creatures vanquished.

Vanquished Creatures (collateral kills)
  4 ball lightnings (Orc:2)
  A boulder (D:8)
5 creatures vanquished.

Vanquished Creatures (others)
  25 ball lightnings
  3 boulders (D:8)
  89 fulminant prisms
117 creatures vanquished.

Grand Total: 541 creatures vanquished

Notes
Turn   | Place    | Note
-------+----------+-------------------------------------------
     0 | D:1      | stendehmen the Deep Elf Conjurer began the quest for the
                  | Orb.
     0 | D:1      | Reached XP level 1. HP: 10/10 MP: 6/6
   437 | D:1      | Reached XP level 2. HP: 15/15 MP: 0/8
   555 | D:1      | Found Iron's Magic Scroll Emporium.
   642 | D:1      | Learned a level 2 spell: Searing Ray
  1279 | D:2      | Reached XP level 3. HP: 19/19 MP: 7/10
  1466 | D:2      | Reached skill level 4 in Spellcasting
  1470 | D:2      | Noticed Jessica
  1472 | D:2      | Killed Jessica
  1473 | D:2      | Reached skill level 5 in Conjurations
  1507 | D:2      | Reached XP level 4. HP: 24/24 MP: 1/12
  2499 | D:3      | Reached skill level 5 in Spellcasting
  2545 | D:3      | Reached XP level 5. HP: 28/28 MP: 9/14
  2669 | D:3      | Noticed an ancient zyme
  2673 | D:3      | Found a transporter.
  2695 | D:3      | Learned a level 3 spell: Dazzling Flash
  2775 | D:3      | Reached skill level 1 in Hexes
  2867 | D:3      | Identified the +0 chain mail "Riwo Pue" {rF+ Int+3 Stlth-}
  2933 | D:3      | Found a faded altar of an unknown god.
  3137 | D:3      | Found a one-way gate to the infinite horrors of the Abyss.
  3137 | D:3      | Noticed kal9871's ghost (amateur OgSh)
  3456 | D:3      | Found a transporter.
  3458 | D:3      | Noticed a small abomination
  3551 | D:4      | Reached XP level 6. HP: 21/32 MP: 9/16
  4007 | D:4      | Reached skill level 6 in Spellcasting
  4693 | D:1      | Bought a scroll of enchant armour for 90 gold pieces
  4693 | D:1      | Bought a scroll of enchant weapon for 90 gold pieces
  4760 | D:4      | Identified the +6 hand axe "Oginei" {freeze, Str+2}
  4893 | D:5      | Entered Level 5 of the Dungeon
  4895 | D:5      | Found a sand-covered staircase.
  4981 | D:5      | Reached XP level 7. HP: 36/36 MP: 9/18
  5013 | Ossuary  | Entered an ossuary
  5022 | Ossuary  | Learned a level 4 spell: Fulminant Prism
  5266 | Ossuary  | Identified a scroll of acquirement
  5266 | Ossuary  | Identified the of Vyxop (You acquired it in an ossuary)
  5266 | Ossuary  | Acquired the Codex of the Union and Arson
  5442 | Ossuary  | Reached skill level 1 in Ranged Weapons
  5590 | D:5      | Found a staircase to the Ecumenical Temple.
  5607 | Temple   | Entered the Ecumenical Temple
  5634 | Temple   | Became a worshipper of Vehumet
  5846 | D:5      | Reached skill level 5 in Ranged Weapons
  5858 | D:5      | You fall into a shaft and drop 2 floors!
  5858 | D:7      | Found a hide-covered altar of Uskayaw.
  5860 | D:7      | Found a sacrificial altar of Ru.
  5861 | D:7      | Found an opulent altar of Gozag.
  5869 | D:7      | Found a hazy altar of Hepliaklqana.
  5947 | D:7      | Noticed a two-headed ogre
  5954 | D:7      | Killed a two-headed ogre
  5955 | D:7      | Reached XP level 8. HP: 6/41 MP: 12/20
  6131 | D:7      | Reached skill level 10 in Ranged Weapons
  6333 | D:7      | Found a runed translucent door.
  6334 | D:7      | Noticed Crazy Yiuf
  6355 | D:6      | Identified the amulet of Noon {Regen+ Str+3}
  6412 | D:6      | Reached XP level 9. HP: 45/45 MP: 14/21
  6413 | D:6      | Reached * piety under Vehumet
  6413 | D:6      | Offered knowledge of Kiss of Death by Vehumet.
  6463 | D:6      | Learned a level 4 spell: Brom's Barrelling Boulder
  6644 | D:6      | Reached skill level 7 in Spellcasting
  6785 | D:6      | Reached skill level 5 in Hexes
  7329 | D:7      | Found a glowing golden altar of the Shining One.
  7330 | D:7      | Found a white marble altar of Elyvilon.
  7331 | D:7      | Found a glowing silver altar of Zin.
  7392 | D:7      | Killed Crazy Yiuf
  7601 | D:8      | Reached skill level 8 in Spellcasting
  7674 | D:8      | Noticed Jeremiah
  7711 | D:9      | Found a staircase to the Orcish Mines.
  8013 | D:9      | Offered knowledge of Momentum Strike by Vehumet.
  8035 | D:9      | Reached ** piety under Vehumet
  8036 | D:9      | Reached skill level 9 in Spellcasting
  8616 | D:9      | Noticed a troll
  8621 | D:9      | Killed a troll
  8801 | D:8      | Found a bloodstained altar of Trog.
  8829 | D:8      | Acquired the amulet "Esic" {RegenMP rC+++ Str+4 Dex-3}
  9157 | D:8      | Found a basalt altar of Yredelemnul.
  9332 | D:8      | Found a shimmering blue altar of Sif Muna.
  9432 | D:9      | Noticed a troll
  9436 | D:9      | Reached XP level 10. HP: 34/50 MP: 19/25
  9439 | D:9      | Reached skill level 10 in Spellcasting
  9439 | D:9      | Reached skill level 1 in Fire Magic
  9453 | D:9      | Reached skill level 1 in Air Magic
  9986 | D:9      | Found a staircase to the Lair.
 10087 | D:9      | Reached skill level 11 in Spellcasting
 10435 | Gauntlet | Identified the of Coreiz
 10435 | Lair:5   | Identified the of Juleunt
 10435 | Orc:1    | Entered Level 1 of the Orcish Mines
 10579 | Orc:2    | Entered Level 2 of the Orcish Mines
 10579 | Orc:2    | Noticed an orc warlord
 10579 | Orc:2    | Noticed an orc sorcerer
 10579 | Orc:2    | Found a staircase to the Elven Halls.
 10706 | Orc:1    | Found a runed translucent door.
 10706 | Orc:1    | Noticed stendehmen's ghost (journeyman OpSh)
 10706 | Orc:1    | Identified the ring "Eviuz" {*Corrode rF+ rC+ Str+2 Dex+3}
 10716 | Orc:1    | Learned a level 4 spell: Iskenderun's Mystic Blast
 10719 | Orc:1    | Learned a level 2 spell: Passwall
 10742 | Orc:1    | Offered knowledge of Frozen Ramparts by Vehumet.
 10784 | Orc:1    | Noticed an ettin
 10799 | Orc:1    | Reached *** piety under Vehumet
 10807 | Orc:1    | Killed an ettin
 10808 | Orc:1    | Reached skill level 1 in Fighting
 10808 | Orc:1    | Reached skill level 1 in Armour
 10808 | Orc:1    | Reached skill level 5 in Fire Magic
 10979 | Orc:1    | Noticed an orc high priest
 10984 | Orc:1    | Killed an orc high priest
 10985 | Orc:1    | Reached skill level 12 in Spellcasting
 10985 | Orc:1    | Reached XP level 11. HP: 33/57 MP: 27/29
 11968 | D:5      | Learned a level 3 spell: Frozen Ramparts
 12064 | Lair:1   | Entered Level 1 of the Lair of Beasts
 12075 | Lair:1   | Offered knowledge of Airstrike by Vehumet.
 12190 | D:8      | Killed Jeremiah
 12191 | D:8      | Reached skill level 5 in Air Magic
 12323 | D:3      | Learned a level 4 spell: Airstrike
 12403 | D:3      | Killed kal9871's ghost
 12560 | D:9      | Learned a level 2 spell: Blink
 12574 | D:10     | Entered Level 10 of the Dungeon
 12633 | D:9      | Learned a level 6 spell: Plasma Beam
 12977 | D:10     | Noticed a centaur warrior
 13002 | D:10     | Noticed a two-headed ogre
 13014 | D:10     | Killed a two-headed ogre
 13379 | D:10     | Identified the +11 long sword of Uncomfortable Rashes
                  | {venom, rElec rF++ rC+ Int-5}
 13444 | D:10     | Reached **** piety under Vehumet
 13515 | D:10     | Noticed a boulder beetle
 13520 | D:10     | Killed a boulder beetle
 13585 | D:10     | Identified the +5 chain mail of Atoschagg {Str+2}
 13758 | D:10     | Killed a centaur warrior
 14072 | D:11     | Reached XP level 12. HP: 65/65 MP: 30/30
 14086 | D:11     | Offered knowledge of Sticky Flame by Vehumet.
 14100 | D:11     | Noticed a two-headed ogre
 14103 | D:11     | Killed a two-headed ogre
 14167 | D:11     | Identified the +2 cloak "Nuelloscho" {Regen+}
 14492 | D:11     | Found Loyf's Antique Weapon Emporium.
 14523 | D:11     | Learned a level 4 spell: Sticky Flame
 14542 | D:11     | Bought a bloodstained battleaxe for 287 gold pieces
 14542 | D:11     | Identified the +1 battleaxe of Hepliaklqana {holy, Drain
                  | rN+++ Int+2} (You bought it in a shop on level 11 of the
                  | Dungeon)
 14935 | D:12     | Noticed a two-headed ogre
 14943 | D:12     | Killed a two-headed ogre
 14949 | D:11     | Reached skill level 10 in Fire Magic
 15268 | Orc:1    | Killed stendehmen's ghost
 15703 | Orc:2    | Found Utsuecas's Antique Weapon Shoppe.
 15866 | Orc:2    | Noticed an orc high priest
 15925 | Orc:2    | Killed an orc high priest
 15936 | Orc:2    | Noticed an orc high priest
 15938 | Orc:2    | Killed an orc high priest
 15939 | Orc:2    | Reached skill level 5 in Fighting
 15939 | Orc:2    | Reached skill level 5 in Armour
 16034 | Orc:2    | Noticed an orc high priest
 16037 | Orc:2    | Killed an orc high priest
 16038 | Orc:2    | Reached XP level 13. HP: 72/72 MP: 14/31
 16040 | Orc:2    | Reached ***** piety under Vehumet
 16103 | Orc:2    | Offered knowledge of Conjure Ball Lightning by Vehumet.
 16898 | Orc:2    | Killed an orc warlord
 17153 | Orc:2    | Learned a level 6 spell: Conjure Ball Lightning
 17763 | Orc:2    | Noticed an orc warlord
 17771 | Orc:2    | Killed an orc warlord
 18633 | Orc:2    | Found Nennalei's General Store.
 18638 | Orc:2    | Found Xick's Jewellery Emporium.
 18639 | Orc:2    | Found Zimupsek's Assorted Antiques.
 18642 | Orc:2    | Found Call's Assorted Antiques.
 18654 | Orc:2    | Bought a pair of glowing boots for 195 gold pieces
 18667 | Orc:2    | Bought a scroll labelled JALLIH HAABIBB for 24 gold pieces
 18701 | Orc:2    | Bought a bone wand for 96 gold pieces
 18819 | Orc:2    | Bought the ring "Jest" {Drain rC+ rN+ Will++ Stlth+} for
                  | 587 gold pieces
 18994 | IceCv    | Identified the "Honoxt"
 18994 | Vaults:1 | Identified the "Gessul"
 18994 | Crypt:3  | Identified the "Gaplowi"
 18994 | Crypt:3  | Identified the "Zorghejy"
 18994 | Depths:3 | Identified the "Ejeggouro"
 18994 | Depths:3 | Identified the "Itaul"
 18994 | Elf:1    | Entered Level 1 of the Elven Halls
 18996 | Elf:1    | Mangled by a +2 long sword of draining

Illustrated notes

Levels and vault maps discovered:
D:1:      shiori_arrival_maze, layout_basic, serial_shops,
          nicolae_shop_window_shopping, grunt_decor_resistance,
          minmay_misc_feat_tiny
D:2:      layout_loops_ring, nrook_uturn, uniq_jessica
D:3:      layout_basic, gammafunk_ghost_abyssal_escape,
          ebering_ecumenical_altar_box
D:4:      layout_basic
D:5:      layout_rooms, minmay_temple_entry_waves, enter_ossuary_2
D:6:      layout_rooms, minmay_misc_feat_room, grunt_ministairs_5,
          minmay_fountain_box
D:7:      layout_cave_pools, good_gods_temple_1,
          nicolae_overflow_quartered_altars, uniq_crazy_yiuf_cottage
D:8:      layout_loops_ring, kennysheep_orc_sif_temple,
          mainiacjoe_overflow_swirl, enter_bailey_7, uniq_jeremiah
D:9:      layout_stronghold, erik_lair_island, orc_0_dummy
D:10:     minmay_clustersquares, layout_stronghold, nzn_sisyphean_effort
D:11:     layout_basic, serial_shops, nicolae_stop_n_shop_1,
          minmay_misc_feat_rows
D:12:     layout_basic, kennysheep_generic_room_4
Temple:   nicolae_temple_ecumenical_triangle
Lair:1:   layout_small_grid, minivault_24, beast_lair_carwin_6,
          grunt_megastairs_5
Orc:1:    layout_diamond_mine, basic_altar, ebering_ghost_inner_flame,
          statue_in_the_mist_lemuel
Orc:2:    st_orc_mages, layout_diamond_mine, serial_shops, nicolae_shop_trees,
          basic_altar
Elf:1:    elf_arrival_002, layout_geoelf_diagonals, gammafunk_ghost_split,
          minmay_elf_crystal_hexagon

Skill      XL: |  1  2  3  4  5  6  7  8  9 10 11 12 13 |
---------------+----------------------------------------+-----
Spellcasting   | 4 5 6 9 12 | 12.6
Dodging        | 3 4 |  4.5
Conjurations   | 5 6 7 8 |  8.1
Hexes          | 2 3 4 8 |  8.1
Ranged Weapons | 9 11 | 11.1
Fire Magic     | 5 8 10 11 | 11.2
Air Magic      | 3 6 9 |  9.5
Fighting       | 1 3 5 |  5.2
Armour         | 1 3 5 |  5.4
Stealth        | |  2.4

Action                     |  1- 3 |  4- 6 |  7- 9 | 10-12 | 13-15 || total
---------------------------+-------+-------+-------+-------+-------++-------
  Melee: Dagger            |     2 |       |       |       |       ||     2
   Fire: Triple crossbow   |       |    44 |   146 |    76 |       ||   266
   Cast: Magic Dart        |    21 |    54 |     9 |    26 |       ||   110
         Searing Ray       |    20 |    29 |    23 |    11 |       ||    83
         Dazzling Flash    |       |     1 |     5 |       |       ||     6
         Fulminant Prism   |       |       |    21 |    65 |     4 ||    90
         Brom's Barrelling |       |       |     4 |       |       ||     4
         Iskenderun's Myst |       |       |       |    46 |       ||    46
         Passwall          |       |       |       |    68 |       ||    68
         Plasma Beam       |       |       |       |    65 |    27 ||    92
         Frozen Ramparts   |       |       |       |     6 |       ||     6
         Airstrike         |       |       |       |     2 |       ||     2
         Conjure Ball Ligh |       |       |       |       |    15 ||    15
  Evoke: Wand              |       |       |       |     3 |       ||     3
    Use: Potion            |       |     6 |       |     1 |       ||     7
         Scroll            |       |     9 |    13 |     7 |     1 ||    30
 Armour: Robe              |     1 |    22 |    32 |    24 |       ||    79
         Ring mail         |       |       |       |     6 |       ||     6
         Troll leather arm |       |       |       |    31 |    13 ||    44
  Dodge: Dodged            |     7 |    34 |    37 |    28 |       ||   106
  Block: Other             |     3 |    14 |    12 |       |       ||    29
         Reflection        |     1 |       |     2 |       |       ||     3

Table legend: (Time is in decaauts)
 A = Elapsed time spent in this place.
 B = Non-inter-level travel time spent in this place.
 C = Inter-level travel time spent in this place.
 D = Time resting spent in this place.
 E = Time spent auto-exploring this place.
 F = Levels seen in this place.
 G = Mean time per level.
                   A        B        C        D        E       F      G
               +--------+--------+--------+--------+--------+-----+--------+
         Total |  19281 |  17634 |   1647 |   4573 |   9099 |  18 | 1071.2 |
       Dungeon |  13326 |  12003 |   1323 |   1668 |   7703 |  12 | 1110.5 |
        Temple |     38 |     38 |      0 |      0 |      0 |   1 |   38.0 |
          Lair |    174 |    173 |      1 |     13 |    108 |   1 |  174.0 |
  Orcish Mines |   5157 |   4836 |    321 |   2892 |    897 |   2 | 2578.5 |
   Elven Halls |      1 |      1 |      0 |      0 |      0 |   1 |    1.0 |
       Ossuary |    582 |    582 |      0 |      0 |    391 |   1 |  582.0 |
               +--------+--------+--------+--------+--------+-----+--------+

Top non-repeatable levels by time:
   Orc:2: 3262 daAuts
     D:9: 2326 daAuts
   Orc:1: 1894 daAuts
     D:4: 1409 daAuts
     D:3: 1394 daAuts
     D:1: 1269 daAuts
    D:10: 1225 daAuts
     D:2: 1200 daAuts
     D:8: 1163 daAuts
     D:7: 958 daAuts
    D:11: 841 daAuts
     D:5: 693 daAuts
     D:6: 688 daAuts
 Ossuary: 582 daAuts
  Lair:1: 174 daAuts
